 Dungeon Crawl Stone Soup version 0.18-a0-19-g8b99b3a (webtiles) character file.

161 Raultor the Shield-Bearer (level 5, 0/49 HPs)
             Began as a Naga Fighter on Nov 1, 2015.
             Slain by a gnoll
             ... wielding a +0 spear
              (7 damage)
             ... on level 3 of the Dungeon.
             The game lasted 00:06:11 (2447 turns).

Raultor the Shield-Bearer (Naga Fighter)            Turns: 2447, Time: 00:06:12

Health: 0/49       AC:  6    Str: 19    XL:     5   Next: 42%
Magic:  5/5        EV:  6    Int:  8    God:
Gold:   119        SH:  9    Dex: 11    Spells: 0 memorised, 4 levels left

rFire  . . .     SeeInvis +     a - +0 war axe
rCold  . . .     Clarity  .     b - +0 scale mail
rNeg   . . .     SustAt   .     c - +0 shield
rPois  +         Gourm    .     (no helmet)
rElec  .         Spirit   .     g - +0 cloak
rCorr  .         Warding  .     (no gloves)
rMut   .         Stasis   .     (no barding)
MR     .....                    (no amulet)
Stlth  ..........               (no ring)
                                (no ring)

@: very slow, not resistant to hostile enchantments, extremely unstealthy
A: see invisible, deformed body, poison resistance, slowness 2, slow metabolism
1, spit poison 2, AC +1
a: Spit Poison


You were on level 3 of the Dungeon.
You were not hungry.

You visited 1 branch of the dungeon, and saw 3 of its levels.

You collected 119 gold pieces.

Inventory:

Hand Weapons
 a - a +0 war axe (weapon)
 s - a +0 short sword
Missiles
 o - a throwing net (quivered)
Armour
 b - a +0 scale mail (worn)
 c - a +0 shield (worn)
 g - a +0 cloak (worn)
 r - a +0 plate armour
Wands
 t - a wand of slowing (20)
Scrolls
 i - a scroll of enchant armour {unknown}
 j - a scroll of magic mapping {unknown}
 k - a scroll of fear {unknown}
 p - a scroll of identify {unknown}
 q - a scroll of teleportation {unknown}
Potions
 d - 3 potions of might
 f - a potion of flight {unknown}
 h - a potion of degeneration {unknown}
 l - a potion of cancellation {unknown}
 m - a potion of heal wounds {unknown}
Comestibles
 e - a bread ration
 n - a meat ration
 u - 3 chunks of flesh
 v - a slice of pizza


   Skills:
 - Level 3.0 Fighting
 * Level 3.2 Axes
 + Level 3.0 Armour
 - Level 1.1 Dodging
 + Level 3.6 Shields


You had 4 spell levels left.
You didn't know any spells.

Dungeon Overview and Level Annotations

Branches:
Dungeon (3/15)

Altars:
Ashenzari
Fedhas
Trog


Innate Abilities, Weirdness & Mutations

You cannot wear boots.
Your serpentine skin is tough (AC +1).
You have supernaturally acute eyesight.
Armour fits poorly on your strangely shaped body.
Your system is resistant to poisons.
You cover ground very slowly.
You have a slow metabolism.
You can spit poison.


Message History

You are too injured to fight recklessly!
You are too injured to fight recklessly!
You are too injured to fight recklessly!
You are too injured to fight recklessly!
You are too injured to fight recklessly!
You are too injured to fight recklessly!
What do you say? t - Shout!
Orders for allies: a - Attack new target. r - Retreat! s - Stop attacking. w - Wait here. f - Follow me.
Anything else - Stay silent.
Okay, then.
You block the gnoll's attack.
The gnoll hits you from afar with a spear.
* * * LOW HITPOINT WARNING * * *
The gnoll hits you from afar with a spear.
* * * LOW HITPOINT WARNING * * *
The gnoll hits you with a spear!
You die...

#........# #####.# #.######.#
######.[.... #..## #.#
#........#.# ##.#.## #.#
#.####.#.#.#
########.###.###.####.####.....#
........## ##.##...............#
########†###)#######..#.##<....#
##.#................#.#.#
#..####@#####.#.####.#.#
#....##g# #.#.####.#.# ####.##g#
#.#........# #.##g# #.######....
#...g# #.####...... ####.#
............÷ #.##g....#######.#
#...g....# #.# #.##g....# #.#


You could see 4 gnolls.

Vanquished Creatures
  The ghost of wvc the Ducker, an amateur SpMo (D:3)
  2 adders (D:2)
  An ooze (D:2)
  3 worms (D:2)
  4 giant geckos
  3 giant cockroaches (D:2)
  5 hobgoblins
  6 jackals
  4 quokkas
  9 bats
  4 giant newts
  5 goblins
  6 kobolds
  12 rats
65 creatures vanquished.

Notes
Turn   | Place    | Note
--------------------------------------------------------------
     0 | D:1      | Raultor the Naga Fighter began the quest for the Orb.
     0 | D:1      | Reached XP level 1. HP: 21/21 MP: 1/1
   208 | D:1      | Found a shattered altar of Ashenzari.
   302 | D:1      | Reached XP level 2. HP: 14/28 MP: 2/2
   966 | D:1      | Reached XP level 3. HP: 34/34 MP: 3/3
  1361 | D:2      | HP: 1/34 [worm (10)]
  1650 | D:2      | Reached skill level 1 in Dodging
  1849 | D:2      | Reached XP level 4. HP: 33/42 MP: 4/4
  1941 | D:2      | Found a blossoming altar of Fedhas.
  2049 | D:2      | Noticed a moth of wrath
  2051 | D:2      | Found a bloodstained altar of Trog.
  2197 | D:3      | Noticed wvc's ghost (amateur SpMo)
  2248 | D:3      | Killed wvc's ghost
  2248 | D:3      | Reached XP level 5. HP: 29/49 MP: 5/5
  2447 | D:3      | Slain by a gnoll

Vault maps used:
D:1:      evilmike_arrival_sounds_zot, minmay_misc_feat_diagonals,
          ashenzari_altar_1
D:2:      old_standard_altar, tgw_trog, grunt_decor_fettered

Action                   |  1- 3 |  4- 6 || total
-------------------------+-------+-------++-------
Melee: War axe           |   169 |   130 ||   299
Throw: Throwing net      |     2 |     2 ||     4
 Abil: Spit Poison       |       |     1 ||     1
 Stab: Held in net/web   |     2 |       ||     2
  Eat: Chunk             |     2 |     2 ||     4
